 Seeded DCSS version 0.31-a0-37-g98a128e1d9 (webtiles) character file.

Game seed: 20230511 (custom seed)

340 a11behringer the Slasher (level 6, -1/47 HPs)
             Began as a Merfolk Gladiator on May 14, 2023.
             Frozen to death by an endoplasm (3 damage)
             ... on level 4 of the Dungeon on May 15, 2023.
             The game lasted 00:05:32 (2907 turns).

a11behringer the Slasher (Merfolk Gladiator)        Turns: 2907, Time: 00:05:33

Health: -1/47      AC:  6    Str: 14    XL:     6   Next: 56%
Magic:  6/6        EV: 14    Int:  8    God:
Gold:   139        SH:  0    Dex: 17    Spells: 5/5 levels left

rFire   . . .        a - +0 long sword
rCold   . . .        (no shield)
rNeg    . . .        b - +0 leather armour
rPois   .            c - +0 helmet
rElec   .            o - +0 cloak
rCorr   .            (no gloves)
SInv    .            i - +0 pair of boots
Will    .....        (no amulet)
Stlth   ++           (no ring)
HPRegen 0.27/turn    (no ring)
MPRegen 0.10/turn

%: no passive effects
@: no status effects
A: (nimble swimmer 2), mertail
a: no special abilities


You were on level 4 of the Dungeon.
You visited 1 branch of the dungeon, and saw 4 of its levels.

You collected 139 gold pieces.

Inventory:

Hand Weapons
 a - a +0 long sword (weapon)
 p - a +0 scimitar
Missiles
 d - 3 throwing nets (quivered)
 e - 6 javelins
Armour
 b - a +0 leather armour (worn)
 c - a +0 helmet (worn)
 i - a +0 pair of boots (worn)
 o - a +0 cloak (worn)
Wands
 n - a wand of quicksilver (7)
Scrolls
 g - 3 scrolls of magic mapping {unknown}
 l - 2 scrolls of identify {unknown}
 m - 3 scrolls of enchant armour {unknown}
 q - a scroll of vulnerability {unknown}
 t - a scroll of blinking {unknown}
Potions
 f - 2 potions of brilliance {unknown}
 h - 2 potions of heal wounds {unknown}
 j - 4 potions of curing {unknown}
 k - a potion of mutation {unknown}
 r - a potion of lignification {unknown}
 s - a potion of magic {unknown}


   Skills:
 + Level 3.6 Fighting
 * Level 5.6 Long Blades
 + Level 3.1 Throwing
 + Level 5.4 Dodging
 + Level 2.8 Stealth


You had 5 spell levels left.
You didn't know any spells.
Your spell library was empty.

Dungeon Overview and Level Annotations

Branches:
Dungeon (4/15)
 Temple: D:4-7

Altars:


Innate Abilities, Weirdness & Mutations

((You are very nimble when in or above water. (Stealth+, EV+, Speed+++)))
Your lower body shifts to a powerful aquatic tail in water.


Message History

You slash the quokka!
You kill the quokka!
The ball python closely misses you. The ball python grabs you.
The ball python constricts you.
You hit the ball python.
The ball python is severely wounded.
The ball python misses you. The ball python constricts you.
You hit the ball python.
You kill the ball python!
The ogre closely misses you.
You slash the ogre!
The ogre is moderately wounded.
The endoplasm hits you but does no damage.
The ogre hits you with a +0 giant club!!
Ouch! That really hurt!
You are too injured to fight recklessly!
You are too injured to fight recklessly!
You are too injured to fight recklessly!
You slash the ogre!
The ogre is severely wounded.
The ball python barely misses you. x2; The endoplasm closely misses you.
The ball python closely misses you. The ball python grabs you.
The ball python constricts you.
You hit the ogre.
The ogre is almost dead.
The endoplasm hits you.
The ogre hits you with a +0 giant club!!
* * * LOW HITPOINT WARNING * * *
The ball python barely misses you. The ball python constricts you.
The endoplasm closely misses you.
You slash the ogre!
You kill the ogre!
The ball python completely misses you. The ball python constricts you.
The endoplasm hits you but does no damage.
The ball python bites you but does no damage.
The ball python constricts you.
You escape the ball python's grasp.
Found 2 gold pieces.
The endoplasm freezes you.
You are frozen.
You die...

#........#.#.......
#........#.........
#..................
#.........#........
####............#
#....##.......#
...............#
#....####!.S...#
#.... #.J@...#
................#
.#####.......#
#.........
#.........
#.........
#..##..#.. #..#
..##$


You could see an endoplasm and a ball python.

Vanquished Creatures
  A sky beast (D:3)
  An ogre (D:4)
  10 adders
  An ufetubus (D:4)
  2 worms (D:3)
  A dart slug (D:1)
  2 orcs (D:3)
  5 bats
  5 endoplasms
  5 giant cockroaches
  7 goblins
  5 hobgoblins
  4 kobolds
  6 quokkas
  3 ball pythons
  2 frilled lizards (D:3)
  12 rats
72 creatures vanquished.

Notes
Turn   | Place    | Note
-------+----------+-------------------------------------------
     0 | D:1      | a11behringer the Merfolk Gladiator began the quest for the
                  | Orb.
     0 | D:1      | Reached XP level 1. HP: 16/16 MP: 1/1
   123 | D:1      | Reached XP level 2. HP: 23/23 MP: 2/2
   255 | D:1      | Found a faded altar of an unknown god.
   380 | D:1      | Reached skill level 1 in Stealth
   775 | D:2      | Reached XP level 3. HP: 24/28 MP: 3/3
  1058 | D:2      | Reached XP level 4. HP: 34/34 MP: 4/4
  1288 | D:2      | Upgraded the game from 0.31-a0-23-gcbde74481b to
                  | 0.31-a0-37-g98a128e1d9
  1732 | D:3      | Reached XP level 5. HP: 41/41 MP: 5/5
  2287 | D:3      | Noticed a sky beast
  2306 | D:3      | Killed a sky beast
  2307 | D:3      | Reached skill level 5 in Long Blades
  2307 | D:3      | Reached skill level 5 in Dodging
  2307 | D:3      | Reached XP level 6. HP: 23/47 MP: 6/6
  2905 | D:4      | HP: 1/47 [ogre/+0 giant club (19)]
  2907 | D:4      | Frozen to death by an endoplasm

Illustrated notes

Levels and vault maps discovered:
D:1:      ebering_hopf_link, layout_loops_ring, ebering_ecumenical_altar_hall,
          minmay_tetromino_o2
D:2:      layout_basic, serial_bayou_pond_b, minmay_rat_gold_closets
D:3:      layout_basic, kennysheep_pointless_box, saegor_snake_ambush
D:4:      layout_rooms, nicolae_ru_path_of_blood, uniq_edmund

Skill      XL: |  1  2  3  4  5  6 |
---------------+-------------------+-----
Long Blades    | 4 5 |  5.6
Stealth        | 1 2 |  2.8
Fighting       | 3 |  3.6
Dodging        | 5 |  5.4
Throwing       | 3 |  3.1

Action                     |  1- 3 |  4- 6 || total
---------------------------+-------+-------++-------
  Melee: Long sword        |    90 |   132 ||   222
         Punch             |       |     2 ||     2
   Stab: Sleeping          |     2 |     8 ||    10
 Armour: Leather armour    |    30 |    44 ||    74
  Dodge: Dodged            |    67 |    98 ||   165

Table legend: (Time is in decaauts)
 A = Elapsed time spent in this place.
 B = Non-inter-level travel time spent in this place.
 C = Inter-level travel time spent in this place.
 D = Time resting spent in this place.
 E = Time spent auto-exploring this place.
 F = Levels seen in this place.
 G = Mean time per level.
                   A        B        C        D        E       F      G
               +--------+--------+--------+--------+--------+-----+--------+
         Total |   2928 |   2837 |     91 |      0 |   2343 |   4 |  732.0 |
       Dungeon |   2928 |   2837 |     91 |      0 |   2343 |   4 |  732.0 |
               +--------+--------+--------+--------+--------+-----+--------+

Top non-repeatable levels by time:
     D:3: 1121 daAuts
     D:2: 1014 daAuts
     D:1: 729 daAuts
     D:4: 62 daAuts
